 Dungeon Crawl Stone Soup version 0.23-a0-143-g1adec7b (webtiles) character file.

30 Amnesiac the Chiller (level 3, -2/24 HPs)
             Began as a Mummy Ice Elementalist on Sept 5, 2018.
             Slain by corax's ghost (4 damage)
             ... on level 3 of the Dungeon.
             The game lasted 00:02:05 (1374 turns).

Amnesiac the Chiller (Mummy Ice Elementalist)       Turns: 1374, Time: 00:02:06

Health: -2/24      AC:  2    Str: 11    XL:     3   Next: 3%
Magic:  0/7        EV: 12    Int: 15    God:
Gold:   50         SH:  0    Dex: 12    Spells: 4/8 levels left

rFire    x . .     SeeInvis .   a - +4 hunting sling
rCold    + . .     Gourm    .   (no shield)
rNeg     + + +     Faith    .   c - +0 robe
rPois    ∞         Spirit   .   (no helmet)
rElec    .         Reflect  .   (no cloak)
rCorr    .         Harm     .   (no gloves)
MR       .....                  (no boots)
Stlth    ++........             (no amulet)
HPRegen  0.08/turn              (no ring)
MPRegen  0.10/turn              (no ring)

@: no status effects
A: no food or potions, fire vulnerability, cold resistance 1, negative energy
resistance 3, torment resistance, unbreathing
a: no special abilities


You were on level 3 of the Dungeon.
You were not hungry.

You visited 1 branch of the dungeon, and saw 4 of its levels.

You collected 50 gold pieces.

Inventory:

Hand Weapons
 a - a +4 hunting sling (weapon)
 b - a +1 short sword of electrocution
 w - a +0 long sword
Missiles
 d - 25 stones (quivered)
Armour
 c - a +0 robe (worn)
Scrolls
 e - a scroll of identify {!r, unknown}
 f - a scroll of magic mapping {!r, unknown}


   Skills:
 - Level 1.5 Dodging
 - Level 1.5 Stealth
 + Level 3.2 Spellcasting
   Level 0.7 Conjurations
 * Level 3.2 Ice Magic


You had 4 spell levels left.
You knew the following spells:

 Your Spells              Type           Power        Failure   Level  Hunger
a - Freeze                Ice            ##..         5%          1    N/A
b - Ozocubu's Armour      Chrm/Ice       #.......     30%         3    N/A

Your spell library contained the following spells:

 Spells                   Type           Power        Failure   Level  Hunger
 Throw Frost              Conj/Ice       #.....       13%         2    N/A
 Throw Icicle             Conj/Ice       #.......     65%         4    N/A
 Summon Ice Beast         Ice/Summ       #.......     69%         4    N/A

Dungeon Overview and Level Annotations

Branches:
Dungeon (4/15)
 Temple: D:4-7

Altars:

Annotations:
D:3 corax's ghost, amateur OpAs


Innate Abilities, Weirdness & Mutations

You do not eat or drink.
Your flesh is vulnerable to fire.
You are immune to poison.
Your flesh is cold resistant. (rC+)
You are immune to negative energy. (rN+++)
You are immune to unholy pain and torment.
You can survive without breathing.


Message History

Casting: Freeze (safe; 5% risk of failure)
Confirm with . or Enter, or press ? or * to list all spells.
Aiming: Freeze (safe; 5% risk of failure)
Press: ? - help, Shift-Dir - straight line, f/p - corax's ghost
Aim: corax's ghost, wielding a weapon of venom (severely damaged)
You freeze corax's ghost.
Corax's ghost is severely damaged.
Corax's ghost hits you.
* * * LOW HITPOINT WARNING * * *
Casting: Freeze (safe; 5% risk of failure)
Confirm with . or Enter, or press ? or * to list all spells.
Aiming: Freeze (safe; 5% risk of failure)
Press: ? - help, Shift-Dir - straight line, f/p - corax's ghost
Aim: corax's ghost, wielding a weapon of venom (severely damaged)
You freeze corax's ghost.
Corax's ghost is severely damaged.
Corax's ghost closely misses you.
Unknown command.
Casting: Freeze (safe; 5% risk of failure)
Confirm with . or Enter, or press ? or * to list all spells.
You don't have enough magic to cast that spell.
Unknown command.
You are too injured to fight recklessly!
Casting: Freeze (safe; 5% risk of failure)
Confirm with . or Enter, or press ? or * to list all spells.
You can't see any susceptible monsters within range! (Use Z to cast anyway.)
Casting: Freeze (safe; 5% risk of failure)
Confirm with . or Enter, or press ? or * to list all spells.
You can't see any susceptible monsters within range! (Use Z to cast anyway.) Firing (i - inventory)
d - 27 stones (quivered)
Press: ? - help, Shift-Dir - straight line, f/p - corax's ghost
Aim: corax's ghost, wielding a weapon of venom (severely damaged)
You shoot a stone. The stone closely misses corax's ghost.
Corax's ghost hits you.
* * * LOW HITPOINT WARNING * * *
Casting: Freeze (safe; 5% risk of failure)
Confirm with . or Enter, or press ? or * to list all spells.
Aiming: Freeze (safe; 5% risk of failure)
Press: ? - help, Shift-Dir - straight line, f/p - corax's ghost
Aim: corax's ghost, wielding a weapon of venom (severely damaged)
You freeze corax's ghost.
Corax's ghost is almost destroyed.
Corax's ghost hits you.
* * * LOW HITPOINT WARNING * * *
Unknown command.
Unknown command.
Things that are here:
a spear of freezing; a gnoll corpse
Casting: Freeze (safe; 5% risk of failure)
Confirm with . or Enter, or press ? or * to list all spells.
Aiming: Freeze (safe; 5% risk of failure)
Press: ? - help, Shift-Dir - straight line, f/p - corax's ghost
Aim: corax's ghost, wielding a weapon of venom (almost destroyed)
You freeze corax's ghost.
Corax's ghost is almost destroyed.
Corax's ghost hits you.
* * * LOW HITPOINT WARNING * * *
Unknown command.
Firing (i - inventory)
d - 26 stones (quivered)
Press: ? - help, Shift-Dir - straight line, f/p - corax's ghost
Aim: corax's ghost, wielding a weapon of venom (almost destroyed)
You shoot a stone. The stone closely misses corax's ghost.
Corax's ghost hits you.
You die...

#( .#### #............ # #g#....#
#............ #. #.#....#
#............ #.##.#....#
#............ #...<#....#
#............
.....#....###########..†.........
.................................
..............................†..
####.#.####.....@#####......###..
#.#..!.(.....W#####......# #..
#.######......##.........###.. #.
#......##.........##... #.
#...#####.........##... #+ #..)#
#.........##..)
#...#§§§#....########..
#...#§§§#....# #.. +...##'##....#
#..


You could see corax's ghost.

Vanquished Creatures
  A gnoll (D:3)
  An ooze (D:3)
  A leopard gecko (D:3)
  3 orcs (D:3)
  A bat (D:3)
  A giant cockroach (D:3)
  A hobgoblin (D:1)
  A frilled lizard (D:2)
  2 kobolds
  A rat (D:3)
13 creatures vanquished.

Notes
Turn   | Place    | Note
-------+----------+-------------------------------------------
     0 | D:1      | Amnesiac the Mummy Ice Elementalist began the quest for the
                  | Orb.
     0 | D:1      | Reached XP level 1. HP: 13/13 MP: 4/4
   215 | D:3      | Identified a paperback manual
   349 | D:4      | Noticed an ogre
   445 | D:3      | Noticed an orc wizard
   471 | D:3      | Reached XP level 2. HP: 11/19 MP: 2/5
  1332 | D:3      | Found a runed door.
  1332 | D:3      | Noticed corax's ghost (amateur OpAs)
  1333 | D:3      | Reached XP level 3. HP: 24/24 MP: 7/7
  1339 | D:3      | Learned a level 3 spell: Ozocubu's Armour
  1374 | D:3      | Slain by corax's ghost

Vault maps used:
D:1:      dpeg_arrival_windows_large_door, minmay_misc_feat_hallway
D:2:      lemuel_crystal_altar
D:3:      ebering_ghost_inner_flame
D:4:      minmay_door_path, kennysheep_mini, nemelex_xobeh_ov_fountains_minmay

Skill      XL: |  1  2 |
---------------+-------+-----
Spellcasting   | 3 |  3.2
Ice Magic      | 3 |  3.2
Dodging        | |  1.5
Stealth        | |  1.5
Conjurations   | |  0.7

Action                   || total
-------------------------++-------
Melee: Unarmed           ||     1
 Fire: Hunting sling     ||    26
 Cast: Freeze            ||    24
Armor: Robe              ||     3
Dodge: Dodged            ||    25

Table legend:
 A = Non-vault XP
 B = Vault XP
 C = Vault XP percentage of total XP
 D = Non-vault monster count
 E = Vault monster count
 F = Vault count percentage of total count
                 A         B        C        D         E       F
            +---------+---------+-------+---------+---------+-------
      Total |      43 |       0 |   0.0 |      13 |       0 |   0.0
            +---------+---------+-------+---------+---------+-------
        D:1 |       3 |       0 |   0.0 |       2 |       0 |   0.0
        D:2 |       1 |       0 |   0.0 |       1 |       0 |   0.0
        D:3 |      39 |       0 |   0.0 |      10 |       0 |   0.0
            +---------+---------+-------+---------+---------+-------
